 Dungeon Crawl Stone Soup version 0.32-a0-558-g233958a4c4 (webtiles) character file.

Game seed: 18200454619103972655

65 mopl the Grasshopper (level 4, 0/33 HPs)
             Began as a Formicid Warper on Feb 29, 2024.
             Succumbed to an adder's poison
             ... on level 2 of the Dungeon.
             The game lasted 00:02:05 (1067 turns).

mopl the Grasshopper (Formicid Warper)              Turns: 1067, Time: 00:02:06

Health: 0/33       AC:  6    Str: 15    XL:     4   Next: 34%
Magic:  8/8        EV:  9    Int: 15    God:
Gold:   50         SH:  0    Dex: 13    Spells: 7/9 levels left

rFire   . . .        a - +0 falchion
rCold   . . .        (no shield)
rNeg    . . .        e - +0 scale mail
rPois   .            (helmet unavailable)
rElec   .            (no cloak)
rCorr   .            (no gloves)
SInv    +            (no boots)
Will    .....        (no amulet) Stlth
                     (no ring)
HPRegen 0.25/turn    (no ring)
MPRegen 0.11/turn

%: no passive effects
@: mighty, lethally poisoned (0 -> -8), attractive
A: permanent stasis, dig shafts and tunnels, antennae 3, four strong arms
a: Dig, Shaft Self


You were on level 2 of the Dungeon.
You visited 1 branch of the dungeon, and saw 4 of its levels.

You collected 50 gold pieces.

Inventory:

Hand Weapons
 a - a +0 falchion (weapon)
Missiles
 c - 7 darts of dispersal (quivered)
Armour
 b - a +0 chain mail
 e - a +0 scale mail (worn)
Scrolls
 d - a scroll of fear {unknown}
 k - a scroll of revelation {unknown}
 l - 2 scrolls of identify {unknown}
Potions
 j - a potion of ambrosia {unknown}


   Skills:
 - Level 2.1 Fighting
 + Level 3.0 Long Blades
 - Level 1.0 Throwing
 - Level 1.1 Armour
 - Level 1.7 Dodging
 - Level 3.0 Spellcasting
 + Level 3.3 Translocations


You had 7 spell levels left.
You knew the following spells:

 Your Spells              Type           Power      Damage    Failure   Level
b - Lesser Beckoning      Tloc           24%        N/A       30%         2

Your spell library contained the following spells:

 Spells                   Type           Power      Damage    Failure   Level
 Teleport Other           Tloc           12%        N/A       52%         3
 Manifold Assault         Tloc           12%        N/A       90%         4
 Sculpt Simulacrum        Ice/Alch       1%         N/A       100%        6
 Ozocubu's Refrigeration  Ice            1%         4d7       100%        7
 Polar Vortex             Ice            1%         N/A       100%        9
 Blink                    Tloc           Unusable   N/A       N/A         2
 Vhi's Electric Charge    Tloc/Air       Unusable   N/A       N/A         4

Dungeon Overview and Level Annotations

Branches:
Dungeon (4/15)
 Temple: D:4-7

Altars:
Xom

Annotations:
D:4 Blork the orc


Innate Abilities, Weirdness & Mutations

You cannot be hasted, slowed, berserked, paralysed or teleported.
You can dig through walls and to a lower floor.
You have a pair of large antennae on your head. (SInv)
Your four strong arms can wield two-handed weapons with a shield.


Message History

Unknown command.
You extend your mandibles.
The ball python's grasp on you weakens, but your attempt to escape fails.
You feel sick. The adder bites you. The adder bites you but does no damage.
The ball python bites you. The ball python constricts you. The adder bites you.
The adder bites you but does no damage.
Unknown command.
The ball python's grasp on you weakens, but your attempt to escape fails.
You feel sick. The adder bites you but does no damage.
The ball python bites you.
* * * LOW HITPOINT WARNING * * *
The ball python constricts you. The adder bites you but does no damage.
Unknown command.
You escape the ball python's grasp.
You dig through the rock wall.
You feel drained.
You feel sick. The adder attacks as it pursues you! The adder bites you.
* * * LOW HITPOINT WARNING * * *
You are lethally poisoned!
The adder poisons you!
Unknown command.
You retract your mandibles.
You slash the adder!
You kill the adder!
* * * LOW HITPOINT WARNING * * *
You feel sick. The adder barely misses you.
Your life force feels restored.
Your Long Blades skill increases to level 3!
Unknown command.
It was a potion of magic.
Magic courses through your body.
* * * LOW HITPOINT WARNING * * *
You feel sick. The adder closely misses you.
It was a potion of might.
You feel very mighty all of a sudden.
* * * LOW HITPOINT WARNING * * *
You feel sick. The adder bites you.
* * * LOW HITPOINT WARNING * * *
You are more poisoned.
The adder poisons you! The adder bites you but does no damage.
It was a potion of attraction.
You feel attractive to monsters.
You die...

.....###.# #.....#
.........####.....#
..................#
###...)...........#
............#.....#
####..._....#.....#
#........#######
#..........####
#...........#@#
#..........SS##
#........###S{S.#
#........# ##..##
#######.# ,.## #.#
.. #. ... #... #._


You could see an adder and 2 ball pythons.

Vanquished Creatures
  3 adders
  3 bats
  3 endoplasms
  4 giant cockroaches (D:1)
  2 goblins (D:1)
  A hobgoblin (D:2)
  2 kobolds
  8 quokkas
  6 ball pythons
  2 frilled lizards (D:1)
  2 rats (D:1)
36 creatures vanquished.

Notes
Turn   | Place    | Note
-------+----------+-------------------------------------------
     0 | D:1      | mopl the Formicid Warper began the quest for the Orb.
     0 | D:1      | Reached XP level 1. HP: 16/16 MP: 3/3
   123 | D:1      | Reached XP level 2. HP: 22/22 MP: 5/5
   233 | D:1      | Reached skill level 3 in Translocations
   287 | D:1      | Learned a level 2 spell: Lesser Beckoning
   374 | D:1      | Reached XP level 3. HP: 22/27 MP: 6/6
   608 | D:2      | You fall into a shaft and drop 2 floors!
   838 | D:4      | Noticed Blork the orc
  1013 | D:2      | Reached XP level 4. HP: 28/33 MP: 8/8
  1016 | D:2      | Reached skill level 3 in Spellcasting
  1028 | D:2      | Found a shimmering altar of Xom.
  1047 | D:2      | Found a faded altar of an unknown god.
  1065 | D:2      | Reached skill level 3 in Long Blades
  1067 | D:2      | Succumbed to an adder's poison

Illustrated notes

Levels and vault maps discovered:
D:1:      nzn_arrival_settlement, layout_rooms, minmay_misc_feat_rows,
          serial_bayou_pond_d
D:2:      layout_rooms, nicolae_ecumenical_snake_handling, basic_altar
D:3:      layout_loops_corners, nicolae_ashenzari_skybound, uniq_natasha
D:4:      layout_basic, uniq_blork_the_orc

Skill      XL: |  1  2  3  4 |
---------------+-------------+-----
Translocations | 3 |  3.3
Spellcasting   | 3 |  3.0
Long Blades    | 3 |  3.0
Fighting       | |  2.1
Throwing       | |  1.0
Armour         | |  1.1
Dodging        | |  1.7

Action                     |  1- 3 |  4- 6 || total
---------------------------+-------+-------++-------
  Melee: Falchion          |   122 |    16 ||   138
Ability: Dig               |       |     1 ||     1
    Use: Potion            |     3 |     3 ||     6
 Armour: Leather armour    |    88 |       ||    88
         Scale mail        |    30 |    43 ||    73
  Dodge: Dodged            |   103 |    21 ||   124

Table legend: (Time is in decaauts)
 A = Elapsed time spent in this place.
 B = Non-inter-level travel time spent in this place.
 C = Inter-level travel time spent in this place.
 D = Time resting spent in this place.
 E = Time spent auto-exploring this place.
 F = Levels seen in this place.
 G = Mean time per level.
                   A        B        C        D        E       F      G
               +--------+--------+--------+--------+--------+-----+--------+
         Total |   1090 |   1082 |      8 |    230 |    508 |   4 |  272.5 |
       Dungeon |   1090 |   1082 |      8 |    230 |    508 |   4 |  272.5 |
               +--------+--------+--------+--------+--------+-----+--------+

Top non-repeatable levels by time:
     D:1: 431 daAuts
     D:2: 262 daAuts
     D:4: 238 daAuts
     D:3: 157 daAuts
